 Dungeon Crawl Stone Soup version 0.28.0-53-g5a82cb258f (webtiles) character file.

Game seed: 6960763725228896086

7 gobodom the Skirmisher (level 1, 0/18 HPs)
             Began as a Demonspawn Fighter on June 21, 2022.
             Slain by a kobold
             ... wielding a +0 short sword
              (5 damage)
             ... on level 1 of the Dungeon.
             The game lasted 00:00:23 (30 turns).

gobodom the Skirmisher (Demonspawn Fighter)           Turns: 30, Time: 00:00:24

Health: 0/18       AC:  6    Str: 16    XL:     1   Next: 91%
Magic:  1/1        EV:  8    Int:  9    God:
Gold:   0          SH:  4    Dex: 12    Spells: 0/0 levels left

rFire   . . .      SeeInvis .   a - +0 war axe
rCold   . . .      Faith    .   c - +0 buckler
rNeg    . . .      Spirit   .   b - +0 scale mail
rPois   .          Reflect  .   (no helmet)
rElec   .          Harm     .   (no cloak)
rCorr   .          Rampage  .   (no gloves)
Will    .....                   (no boots)
Stlth   ..........              (no amulet)
HPRegen 0.06/turn               (no ring)
MPRegen 0.07/turn               (no ring)

@: no status effects
A: no striking features
a: no special abilities


You were on level 1 of the Dungeon.
You visited 1 branch of the dungeon, and saw 1 of its levels.

Inventory:

Hand Weapons
 a - a +0 war axe (weapon)
Armour
 b - a +0 scale mail (worn)
 c - a +0 buckler (worn)
Potions
 d - a potion of might


   Skills:
 + Level 3.1 Fighting
 + Level 1.8 Axes
 + Level 2.8 Armour
 + Level 2.8 Shields


You couldn't memorise any spells.
You didn't know any spells.
Your spell library was empty.

Dungeon Overview and Level Annotations

Branches:
Dungeon (1/15)

Altars:


Message History

A rat comes into view.
The ball python bites you. You block the ball python's attack.
The kobold throws a stone.
The stone hits you but does no damage.
An endoplasm comes into view.
You block the ball python's attack. The ball python grabs you.
The ball python constricts you.
You closely miss the ball python.
The endoplasm quivers.
The kobold throws a stone.
The stone hits you but does no damage.
The ball python bites you but does no damage.
The ball python constricts you.
You closely miss the ball python. You closely miss the kobold.
The ball python bites you. The ball python constricts you.
The kobold hits you but does no damage. The ball python bites you.
The ball python constricts you.
The kobold throws a stone.
The stone hits you but does no damage. The kobold barely misses you.
You hit the ball python.
The ball python is heavily wounded.
You hit the kobold but do no damage.
The ball python bites you but does no damage.
The ball python constricts you. You block the kobold's attack.
The ball python bites you. The ball python constricts you.
You closely miss the ball python.
The ball python is heavily wounded.
You barely miss the kobold.
The kobold hits you with a +0 short sword.
The ball python bites you but does no damage.
The ball python constricts you. The rat bites you but does no damage.
The kobold hits you but does no damage.
You hit the ball python.
You kill the ball python!
You barely miss the kobold. You hit the kobold but do no damage.
You closely miss the rat. The kobold hits you but does no damage.
The rat misses you.
The kobold hits you with a +0 short sword.
The endoplasm freezes you.
You are frozen.
* * * LOW HITPOINT WARNING * * *
The kobold hits you with a +0 short sword.
You die...

...........## .#
............
..##.........#
.#............#
.............#
#...........#
#....rJK....#
##.....@K....#
##...........##
##............#
.......!........#
...............###
..##.............
.............####.
..............#
......#.......#


You could see an endoplasm, 2 kobolds and a rat.

Vanquished Creatures
  A ball python (D:1)
  2 bats (D:1)
  2 hobgoblins (D:1)
  A kobold (D:1)
  A rat (D:1)
7 creatures vanquished.

Notes
Turn   | Place    | Note
-------+----------+-------------------------------------------
     0 | D:1      | gobodom the Demonspawn Fighter began the quest for the Orb.
     0 | D:1      | Reached XP level 1. HP: 18/18 MP: 1/1
    30 | D:1      | Slain by a kobold

Illustrated notes

Levels and vault maps discovered:
D:1:      erik_arrival_blinker_ship, layout_rooms,
          nicolae_ecumenical_snake_handling

Action                   || total
-------------------------++-------
Melee: War axe           ||    12
Armor: Scale mail        ||    15
Dodge: Dodged            ||     6
Block: Buckler           ||     4
